 Dungeon Crawl Stone Soup version 0.24-a0-778-g74da537585 (webtiles) character file.

Game seed: 2149499866952854280, levelgen mode: deterministic

70 Erlindor the Skirmisher (level 4, -4/29 HPs)
             Began as a Tengu Wanderer on Oct 7, 2019.
             Killed from afar by Natasha (8 damage)
             ... with a magic dart
             ... on level 2 of the Dungeon.
             The game lasted 00:04:33 (1138 turns).

Erlindor the Skirmisher (Tengu Wanderer)            Turns: 1138, Time: 00:04:35

Health: -4/29      AC:  3    Str: 11    XL:     4   Next: 22%
Magic:  5/5        EV: 10    Int: 14    God:
Gold:   128        SH:  0    Dex: 14    Spells: 3/3 levels left

rFire    . . .     SeeInvis .   a - +0 shortbow
rCold    . . .     Gourm    .   (shield currently unavailable)
rNeg     . . .     Faith    .   l - +0 leather armour
rPois    .         Spirit   .   (helmet restricted)
rElec    .         Reflect  .   (no cloak)
rCorr    .         Harm     .   (no gloves)
MR       .....                  (boots unavailable)
Stlth    +.........             (no amulet)
HPRegen  0.09/turn              (no ring)
MPRegen  0.09/turn              (no ring)

@: slowed, very slow
A: beak, talons 3
a: no special abilities


You were on level 2 of the Dungeon.
You were not hungry.

You visited 1 branch of the dungeon, and saw 2 of its levels.

You collected 128 gold pieces.

Inventory:

Hand Weapons
 a - a +0 shortbow (weapon)
 b - a +0 dagger
Missiles
 c - 34 arrows (quivered)
Armour
 l - a +0 leather armour (worn)
Wands
 g - a wand of enslavement (15)
Scrolls
 e - a scroll of immolation {unknown}
 i - a scroll of amnesia {unknown}
 j - a scroll of teleportation {unknown}
 k - 2 scrolls of identify {unknown}
 m - a scroll of noise {unknown}
 n - a scroll of magic mapping {unknown}
Potions
 d - a potion of curing
 h - a potion of might {unknown}
 o - a potion of resistance {unknown}
 p - a potion of lignification {unknown}
Comestibles
 f - 8 rations


   Skills:
 + Level 4.0 Fighting
 - Level 2.0 Bows
 - Level 2.1 Armour
 - Level 1.0 Stealth
   Level 2.4 Charms
 - Level 1.0 Evocations


You had 3 spell levels left.
You didn't know any spells.
Your spell library was empty.

Dungeon Overview and Level Annotations

Branches:
Dungeon (2/15)

Altars:
Yredelemnul

Annotations:
D:2 Natasha


Innate Abilities, Weirdness & Mutations

You have a beak for a mouth.
You have claws for feet.


Message History

Natasha is severely wounded.
Natasha completely misses you.
The crimson imp hits you but does no damage.
Firing (i - inventory)
c - 36 arrows (quivered)
Press: ? - help, Shift-Dir - straight line, f/p - Natasha
Aim: Natasha, carrying a wand of random effects (18) (severely wounded)
You shoot an arrow. The arrow barely misses Natasha.
Natasha extends her claws.
Natasha barely misses you. The crimson imp hits you.
* * * LOW HITPOINT WARNING * * *
Firing (i - inventory)
c - 35 arrows (quivered)
Press: ? - help, Shift-Dir - straight line, f/p - Natasha
Aim: Natasha, carrying a wand of random effects (18) (severely wounded)
You shoot an arrow. The arrow barely misses Natasha.
Natasha casts a spell at you.
You feel yourself slow down.
The crimson imp hits you but does no damage.
Natasha stares at you and mumbles some strange words.
The magic dart hits you!
You die...

. #...........# .##..
#...........#
(..#...#...........#
...(................#
........##.........##
....(...##........##
.(......5#.......##
.........5......#
#...(#ยง#@######
#(..((.h.# ##.((##..#
##..##..# #$.##..#
#..#..## #..#..#
#..#..# #..####


You could see Natasha and 2 crimson imps.

Vanquished Creatures
  Natasha (D:2)
  An adder (D:2)
  A dart slug (D:2)
  2 giant cockroaches (D:1)
  7 goblins
  2 hobgoblins (D:1)
  6 bats
  10 kobolds
  8 rats
38 creatures vanquished.

Notes
Turn   | Place    | Note
-------+----------+-------------------------------------------
     0 | D:1      | Erlindor the Tengu Wanderer began the quest for the Orb.
     0 | D:1      | Erlindor set off with the following items: a +0 shortbow, a
                  | wand of enslavement (15), 30 arrows, a potion of curing, a
                  | +0 robe, a ration
     0 | D:1      | Reached XP level 1. HP: 12/12 MP: 2/2
    97 | D:1      | Reached XP level 2. HP: 17/17 MP: 3/3
   658 | D:1      | Reached XP level 3. HP: 22/22 MP: 4/4
   674 | D:1      | Reached skill level 3 in Fighting
   926 | D:2      | Found a basalt altar of Yredelemnul.
  1090 | D:2      | Noticed Natasha
  1094 | D:2      | Killed Natasha
  1094 | D:2      | Reached skill level 4 in Fighting
  1094 | D:2      | Reached XP level 4. HP: 29/29 MP: 5/5
  1118 | D:2      | Noticed Natasha
  1138 | D:2      | Killed from afar by Natasha

Levels and vault maps discovered:
D:1:      ebering_hopf_link, layout_basic, minmay_cut_off
D:2:      layout_rooms, lemuel_round_altar, minivault_5, uniq_robin,
          uniq_natasha

Skill      XL: |  1  2  3 |
---------------+----------+-----
Bows           | 2 |  2.0
Fighting       | 4 |  4.0
Armour         | |  2.1
Stealth        | |  1.0
Charms         | |  2.4
Evocations     | |  1.0

Action                   |  1- 3 |  4- 6 || total
-------------------------+-------+-------++-------
Melee: Dagger            |    32 |       ||    32
       Peck              |     5 |       ||     5
       Kick              |     3 |       ||     3
 Fire: Shortbow          |    62 |    16 ||    78
  Eat: Chunk             |       |     1 ||     1
Armor: Robe              |     1 |       ||     1
       Leather armour    |     9 |     3 ||    12
Dodge: Dodged            |    13 |     7 ||    20

Table legend:
 A = Non-vault XP
 B = Vault XP
 C = Vault XP percentage of total XP
 D = Non-vault monster count
 E = Vault monster count
 F = Vault count percentage of total count
                 A         B        C        D         E       F
            +---------+---------+-------+---------+---------+-------
      Total |      64 |      37 |  36.6 |      35 |       3 |   7.9
            +---------+---------+-------+---------+---------+-------
        D:1 |      38 |       2 |   5.0 |      25 |       2 |   7.4
        D:2 |      26 |      35 |  57.4 |      10 |       1 |   9.1
            +---------+---------+-------+---------+---------+-------
